 Dungeon Crawl Stone Soup version 0.23-a0-481-g60b89c1 (webtiles) character file.

70 galech the Skirmisher (level 4, 26/35 HPs)
             Began as a Demonspawn Fighter on Nov 29, 2018.
             Quit the game on level 3 of the Dungeon.
             The game lasted 00:01:48 (1359 turns).

galech the Skirmisher (Demonspawn Fighter)          Turns: 1359, Time: 00:01:49

Health: 26/35      AC: 12    Str: 17    XL:     4   Next: 3%
Magic:  4/4        EV:  2    Int:  9    God:
Gold:   135        SH:  9    Dex: 13    Spells: 3/3 levels left

rFire    . . .     SeeInvis .   a - +0 war axe
rCold    . . .     Gourm    .   c - +0 shield
rNeg     . . .     Faith    .   o - +0 plate armour
rPois    .         Spirit   .   (no helmet)
rElec    .         Reflect  .   l - +0 cloak
rCorr    .         Harm     .   (no gloves)
MR       .....                  (no boots)
Stlth    ..........             (no amulet)
HPRegen  0.11/turn              (no ring)
MPRegen  0.09/turn              (no ring)

@: no status effects
A: talons 1, nightstalker 1
a: no special abilities


You were on level 3 of the Dungeon.
You were not hungry.

You visited 1 branch of the dungeon, and saw 3 of its levels.

You collected 135 gold pieces.

Inventory:

Hand Weapons
 a - a +0 war axe (weapon)
Armour
 c - a +0 shield (worn)
 l - a +0 cloak (worn)
 o - a +0 plate armour (worn)
Scrolls
 b - a scroll of fear {unknown}
 h - a scroll of blinking {unknown}
 k - 2 scrolls of remove curse {unknown}
 m - 2 scrolls of teleportation {unknown}
 p - 2 scrolls of immolation {unknown}
 r - a scroll of random uselessness {unknown}
 s - 3 scrolls of magic mapping {unknown}
Potions
 d - a potion of might
 e - 2 potions of degeneration {unknown}
 i - 2 potions of cancellation {unknown}
 j - 2 potions of curing {unknown}
 n - 2 potions of heal wounds {unknown}
 q - a potion of berserk rage {unknown}
Comestibles
 f - 2 rations


   Skills:
 + Level 3.3 Fighting
 + Level 2.7 Axes
 + Level 3.2 Armour
 + Level 0.3 Dodging
 + Level 3.0 Shields


You had 3 spell levels left.
You didn't know any spells.
Your spell library was empty.

Dungeon Overview and Level Annotations

Branches:
Dungeon (3/15)

Altars:
Elyvilon


Innate Abilities, Weirdness & Mutations

You have sharp toenails.
You are slightly more attuned to the shadows.


Message History

This raw flesh tastes terrible.
There is a stone staircase leading down here.
You climb downwards.
The worm bites you.
There is a stone staircase leading up, spattered with blood here.
You hit the worm. You claw the worm.
The worm is severely wounded.
The worm bites you but does no damage.
You hit the worm.
The worm is almost dead.
The worm bites you but does no damage.
Your shield and plate armour prevent you from hitting the worm.
Your kick misses the worm.
The worm is severely wounded.
The worm bites you.
You slash the worm!
You kill the worm!
You have reached level 4!
You feel stronger.
Your demonic ancestry asserts itself...
You slip into the darkness of the dungeon.
Are you sure you want to abandon this character and quit the game? (Confirm

. ######. #.. ..#
#.# #.# # #@#
#.#.#
#.####.###.#.##
#........#....##
######.#.#.....##
#.#..........
#.###.#.##### #..
..#.# ### ### #


There were no monsters in sight!

Vanquished Creatures
  An adder (D:2)
  2 oozes
  4 worms
  A leopard gecko (D:2)
  2 giant cockroaches
  9 hobgoblins
  A quokka (D:2)
  4 bats
  A frilled lizard (D:2)
  6 goblins
  5 kobolds
  4 rats
40 creatures vanquished.

Notes
Turn   | Place    | Note
-------+----------+-------------------------------------------
     0 | D:1      | galech the Demonspawn Fighter began the quest for the Orb.
     0 | D:1      | Reached XP level 1. HP: 18/18 MP: 1/1
     6 | D:1      | Noticed a hog
     7 | D:1      | Noticed a black bear
     7 | D:1      | Noticed a wyvern
   292 | D:1      | Gained mutation: You have sharp toenails. [demonic
                  | ancestry]
   292 | D:1      | Reached XP level 2. HP: 23/24 MP: 2/2
   748 | D:2      | Reached XP level 3. HP: 26/29 MP: 3/3
   816 | D:2      | Found a white marble altar of Elyvilon.
  1358 | D:3      | Gained mutation: You are slightly more attuned to the
                  | shadows. [demonic ancestry]
  1358 | D:3      | Reached XP level 4. HP: 26/35 MP: 4/4
  1359 | D:3      | Quit the game

Vault maps used:
D:1:      onia_arrival_zoo_common
D:2:      nicolae_overflow_crystal_walls
D:3:      fedhas_altar_fruit_tree, chequers_ecumenical_altar_simple_redux,
          skrybe_limestone_x, hangedman_abyss_or_decor_stabs, feat_on_display

Skill      XL: |  1  2 |
---------------+-------+-----
Armour         | 3 |  3.2
Shields        | 3 |  3.0
Axes           | 2 |  2.7
Fighting       | |  3.3
Dodging        | |  0.3

Action                   |  1- 3 |  4- 6 || total
-------------------------+-------+-------++-------
Melee: War axe           |   106 |       ||   106
       Kick              |    15 |       ||    15
  Eat: Chunk             |     2 |       ||     2
Armor: Scale mail        |    13 |       ||    13
       Plate armour      |    51 |       ||    51
Dodge: Dodged            |    22 |       ||    22
Block: Shield            |    49 |       ||    49

Table legend:
 A = Non-vault XP
 B = Vault XP
 C = Vault XP percentage of total XP
 D = Non-vault monster count
 E = Vault monster count
 F = Vault count percentage of total count
                 A         B        C        D         E       F
            +---------+---------+-------+---------+---------+-------
      Total |     100 |       0 |   0.0 |      40 |       0 |   0.0
            +---------+---------+-------+---------+---------+-------
        D:1 |      31 |       0 |   0.0 |      17 |       0 |   0.0
        D:2 |      59 |       0 |   0.0 |      21 |       0 |   0.0
        D:3 |      10 |       0 |   0.0 |       2 |       0 |   0.0
            +---------+---------+-------+---------+---------+-------
